 Dungeon Crawl Stone Soup version 0.21.0 (webtiles) character file.

69 Manul the Charlatan (level 4, -5/35 HPs)
             Began as a Draconian Artificer on Jan 7, 2018.
             Slain by an ogre
             ... wielding a +0 giant spiked club
              (29 damage)
             ... on level 4 of the Dungeon.
             The game lasted 00:02:07 (2382 turns).

Manul the Charlatan (Draconian Artificer)           Turns: 2382, Time: 00:02:08

Health: -5/35      AC:  7    Str: 14    XL:     4   Next: 2%
Magic:  7/7        EV: 12    Int: 11    God:
Gold:   82         SH:  0    Dex: 13    Spells: 3/3 levels left

rFire    . . .     SeeInvis .   e - +2 dagger (venom)
rCold    . . .     Gourm    +   (no shield)
rNeg     . . .     Faith    .   (armour unavailable)
rPois    .         Spirit   .   s - +1 hat
rElec    .         Reflect  .   (no cloak)
rCorr    .         Harm     .   t - +0 pair of gloves
MR       .....                  (no boots)
Stlth    ++........             n - amulet of the gourmand
HPRegen  0.11/turn              (no ring)
MPRegen  0.10/turn              (no ring)

@: no status effects
A: unfitting armour, cold-blooded, AC +5
a: no special abilities


You were on level 4 of the Dungeon.
You were not hungry.

You visited 1 branch of the dungeon, and saw 4 of its levels.

You collected 82 gold pieces.

Inventory:

Hand Weapons
 a - a +0 short sword
 e - a +2 dagger of venom (weapon)
Armour
 s - a +1 hat (worn)
 t - a +0 pair of gloves (worn)
Jewellery
 n - an amulet of the gourmand (around neck)
Wands
 b - a wand of flame (15)
 c - a wand of enslavement (15)
 d - a wand of random effects (15)
 r - a wand of paralysis (18)
Scrolls
 g - 4 scrolls of teleportation {unknown}
 l - 2 scrolls of remove curse {unknown}
 m - 2 scrolls of identify {unknown}
 o - 2 scrolls of amnesia {unknown}
 p - a scroll of noise {unknown}
 q - a scroll of magic mapping {unknown}
 w - a scroll of blinking {unknown}
Potions
 h - 2 potions of curing {unknown}
 i - 2 potions of invisibility {unknown}
 j - a potion of heal wounds {unknown}
 k - a potion of flight {unknown}
 u - a potion of agility {unknown}
Books
 v - a book of Conjurations

   Spells                             Type                      Level
   a - Magic Dart                     Conjuration                  1
   b - Searing Ray                    Conjuration                  2
   c - Dazzling Spray                 Conjuration/Hexes            3
   d - Fulminant Prism                Conjuration/Hexes            4
   e - Force Lance                    Conjuration/Translocation    4
   f - Iskenderun's Mystic Blast      Conjuration                  4
Comestibles
 f - 5 rations


   Skills:
 + Level 1.4 Fighting
 + Level 1.6 Short Blades
 + Level 2.3 Dodging
 + Level 1.0 Stealth
 + Level 4.2 Evocations


You had 3 spell levels left.
You didn't know any spells.

Dungeon Overview and Level Annotations

Branches:
Dungeon (3/15)

Altars:
Hepliaklqana
Makhleb
Okawaru
Trog
The Shining One


Innate Abilities, Weirdness & Mutations

Your plain brown scales are hard. (AC +5)
You cannot fit into any form of body armour.
You are cold-blooded and may be slowed by cold attacks.


Message History

You start putting on your armour.
You continue putting on your runed hat. x4
You finish putting on your +1 hat.
You start resting.
HP restored.
w - a scroll labeled LIAFENAISU You now have 82 gold pieces (gained 7).
The ogre is too close now for your liking.
The ogre shouts!
The ogre completely misses you.
You hit the ogre.
The ogre is poisoned.
The ogre is lightly wounded.
The ogre hits you with a giant spiked club!
You hit the ogre.
The ogre is lightly wounded.
You hit the ogre.
The ogre looks as sick as possible!
Your tail-slap misses the ogre.
The ogre is heavily wounded.
The ogre hits you with a giant spiked club!!
Ouch! That really hurt!
You die...

#.#.).....#_#........
#.#.....###'#.#######
#.#.....# #.#.#
#.#.....# #...#
#.#.....# ###.#
#.#.####### #.# #.#.#
#.... #.#
######.#.###....##.#
...............O@..#
................####
................
................
########........
#.....### ###....?
#.....


You could see an ogre.

Vanquished Creatures
  3 worms (D:2)
  4 dart slugs
  5 leopard geckos
  4 giant cockroaches
  6 goblins
  2 hobgoblins (D:1)
  10 kobolds
  6 bats
  6 frilled lizards
  5 rats
51 creatures vanquished.

Notes
Turn   | Place    | Note
-------+----------+-------------------------------------------
     0 | D:1      | Manul the Draconian Artificer began the quest for the Orb.
     0 | D:1      | Reached XP level 1. HP: 16/16 MP: 3/3
   407 | D:1      | Reached XP level 2. HP: 23/23 MP: 4/4
   992 | D:2      | Reached XP level 3. HP: 28/28 MP: 5/5
  1047 | D:2      | Reached skill level 4 in Evocations
  1408 | D:2      | Reached skill level 1 in Stealth
  1724 | D:2      | Found an iron altar of Okawaru.
  1727 | D:2      | Found a burning altar of Makhleb.
  1731 | D:2      | Found a glowing golden altar of the Shining One.
  1734 | D:2      | Found a bloodstained altar of Trog.
  2177 | D:3      | You fall through a shaft!
  2184 | D:4      | Noticed an ogre
  2197 | D:4      | Found a hazy altar of Hepliaklqana.
  2203 | D:4      | Noticed an ogre
  2234 | D:4      | Reached XP level 4. HP: 21/35 MP: 7/7
  2382 | D:4      | Slain by an ogre

Skill      XL: |  1  2  3 |
---------------+----------+-----
Dodging        | 2 |  2.3
Evocations     | 4 |  4.2
Stealth        | 1 |  1.0
Fighting       | |  1.4
Short Blades   | |  1.6

Action                   |  1- 3 |  4- 6 || total
-------------------------+-------+-------++-------
Melee: Dagger            |   132 |     3 ||   135
       Tailslap          |    15 |       ||    15
 Stab: Sleeping          |     1 |       ||     1
  Eat: Chunk             |     5 |       ||     5
Armor: Skin              |    35 |       ||    35
Dodge: Dodged            |    77 |     1 ||    78
